 Dungeon Crawl Stone Soup version 0.31-a0-1227-g0136665373 (webtiles) character file.

Game seed: 12996444916906324

142 Daunt the Vexing (level 5, 0/41 HPs)
             Began as a Draconian Hexslinger on Dec 14, 2023.
             Succumbed to a kobold brigand's curare-tipped dart
             ... in a sewer.
             The game lasted 00:09:06 (1445 turns).

Daunt the Vexing (Draconian Hexslinger)             Turns: 1445, Time: 00:09:06

Health: 0/41       AC:  8    Str: 11    XL:     5   Next: 4%
Magic:  8/8        EV: 12    Int: 13    God:
Gold:   135        SH:  0    Dex: 15    Spells: 6/8 levels left

rFire   . . .        a - +1 sling
rCold   . . .        (no shield)
rNeg    . . .        (body armour unavailable)
rPois   .            (helmet restricted)
rElec   .            q - +1 cloak
rCorr   .            (no gloves)
SInv    +            o - +0 pair of boots
Will    .....        (no amulet)
Stlth   +            (no ring)
HPRegen 0.26/turn    (no ring)
MPRegen 0.11/turn

%: no passive effects
@: mighty, lethally poisoned (0 -> -1), about to teleport, weak-willed, hasted,
very quick
A: AC +5, unfitting armour, cold-blooded
a: no special abilities


You were in a sewer.
You visited 1 branch of the dungeon, and saw 3 of its levels.
You also visited: Sewer.

You collected 135 gold pieces.

Inventory:

Hand Weapons
 a - a +1 sling (weapon)
Missiles
 c - 38 stones
 p - 4 atropa-tipped darts
Armour
 e - an orb of energy
 o - a +0 pair of boots (worn)
 q - a +1 cloak (worn)
Talismans
 i - a blade talisman
Scrolls
 f - a scroll of teleportation
 g - a scroll of revelation
 k - 2 scrolls of identify {unknown}


   Skills:
 + Level 2.1 Fighting
 * Level 2.9 Ranged Weapons
 - Level 1.7 Dodging
 - Level 2.0 Spellcasting
 - Level 4.0 Hexes
 - Level 1.0 Fire Magic


You had 6 spell levels left.
You knew the following spells:

 Your Spells              Type           Power      Damage    Failure   Level
a - Jinxbite              Hex            22%        N/A       8%          2

Your spell library contained the following spells:

 Spells                   Type           Power      Damage    Failure   Level
 Sigil of Binding         Hex            11%        N/A       14%         3
 Inner Flame              Hex/Fire       7%         N/A       26%         3
 Cause Fear               Hex            5%         N/A       43%         4
 Dimensional Bullseye     Hex/Tloc       3%         N/A       73%         4


Dungeon Overview and Level Annotations

Branches:
Dungeon (3/15) Zot: 16569   Sewer (1/1) Zot: 5911

Altars:
Yredelemnul


Innate Abilities, Weirdness & Mutations

Your plain brown scales are hard. (AC +5)
You cannot fit into any form of body armour.
You are cold-blooded and may be slowed by cold attacks.


Message History

* * * LOW HITPOINT WARNING * * *
You feel sick.
Fire: a) +1 sling
Press: ? - help, Q - select action, (/) - cycle Shift-Dir - straight line, f - kobold, p - kobold brigand
Aim: a kobold, wielding a +0 short sword (inner flame, 51% to hit)
Okay, then.
Unknown command.
* * * LOW HITPOINT WARNING * * *
You feel sick.
The kobold brigand attacks as it pursues you!
The kobold brigand misses you.
Unknown command.
Unknown command.
Fire: a) +1 sling
Press: ? - help, Q - select action, (/) - cycle Shift-Dir - straight line, p - kobold brigand You shoot a sling bullet.
The sling bullet hits the kobold brigand but does no damage.
* * * LOW HITPOINT WARNING * * *
You feel sick.
Unknown command.
Unknown command.
As you read the scroll labelled SEIK DIETZE, it crumbles to dust.
It is a scroll of enchant armour.
Your +0 cloak glows green for a moment.
You feel your willpower return.
You feel sick. The kobold brigand closely misses you.
As you read the scroll labelled KIMNETT HIMELE, it crumbles to dust.
Magic quickly surges around you.
It was a scroll of vulnerability.
You feel sick.
The kobold brigand completely misses you.
As you read the scroll labelled MYNEYMELIT, it crumbles to dust.
You feel strangely unstable.
It was a scroll of teleportation.
You feel sick.
The kobold brigand hits you with a +0 short sword.
* * * LOW HITPOINT WARNING * * *
Unknown command.
As you read the scroll labelled XEIMES OWKOETHRIY, it crumbles to dust.
You feel aware of your surroundings.
You sensed 1 altar.
It was a scroll of revelation.
You feel yourself speed up.
You die...

***,,** *###############
***,** #∩##############****,,*
*##.###.....~.~..#*,***,*
******......~..~~~~~..#,,,*,**
**~~~~~~~~~~~~~~~~≈≈≈~.#),,,**
~~~~~~~≈≈≈≈≈≈≈≈≈≈≈≈≈≈K~).,,,,*
*~~~~~~~~~≈~~~~~~~≈≈≈K.#,,,,,*
*******,......~~@K~~~..#,,~,,*
***####.~...)~.~.#,~~~,*
#####~#########,,~,**
#####~#########*,,**
#####~#########****
#####~#########
#####~#########
#####~######### #~#


You could see 2 kobold brigands and a kobold (inner flame, weak-willed).

Vanquished Creatures
  A hound (D:3)
  A hound zombie (D:3)
  4 adders
  An adder zombie (D:3)
  A worm (D:3)
  3 orcs (D:3)
  4 ball pythons
  3 bats (D:2)
  5 endoplasms
  A giant cockroach (D:2)
  6 goblins
  5 hobgoblins
  A jackal (Sewer)
  7 kobolds
  A quokka (D:1)
  5 frilled lizards
  A quokka zombie (D:3)
  5 rats
55 creatures vanquished.

Notes
Turn   | Place    | Note
-------+----------+-------------------------------------------
     0 | D:1      | Daunt the Draconian Hexslinger began the quest for the Orb.
     0 | D:1      | Reached XP level 1. HP: 16/16 MP: 2/2
    46 | D:1      | Reached skill level 3 in Hexes
    84 | D:1      | Reached XP level 2. HP: 21/23 MP: 3/3
   120 | D:1      | Learned a level 2 spell: Jinxbite
   835 | D:2      | Reached XP level 3. HP: 26/28 MP: 4/4
   943 | D:2      | Reached skill level 4 in Hexes
  1257 | D:3      | Reached XP level 4. HP: 35/35 MP: 6/6
  1284 | D:3      | Found a basalt altar of Yredelemnul.
  1368 | D:3      | Reached XP level 5. HP: 41/41 MP: 8/8
  1369 | D:3      | Found a glowing drain.
  1375 | Sewer    | Entered a sewer
  1444 | Sewer    | HP: 1/41 [kobold brigand/+0 short sword (2)]
  1445 | Sewer    | Succumbed to a kobold brigand's curare-tipped dart

Illustrated notes

Levels and vault maps discovered:
D:1:      elethiomel_arrival_maze, layout_basic, grunt_decor_cap,
          dreamdust_mushroom_princess
D:2:      layout_rooms, serial_forest, infiniplex_forest_clump_double,
          infiniplex_forest_clump_medium, infiniplex_forest_end_2,
          infiniplex_forest_clump_double, infiniplex_forest_zigzag_1,
          infiniplex_forest_clump_diagonal, chequers_hall_statues_corner_a,
          st_stairs_2, kennysheep_generic_room_15
D:3:      layout_basic, nicolae_yredelemnul_corpse_copse,
          nicolae_overflow_ecumenical_swirl, cheibrodos_ashenzari_chains,
          mainiacjoe_sewer_entry_somewhere_in_here_1, grunt_ministairs_2,
          uniq_sigmund, uniq_crazy_yiuf_cottage
Sewer:    sewer_kobolds

Skill      XL: |  1  2  3  4 |
---------------+-------------+-----
Hexes          | 3 4 |  4.0
Ranged Weapons | 2 |  2.9
Spellcasting   | 2 |  2.0
Fighting       | 2 |  2.1
Dodging        | |  1.7
Fire Magic     | |  1.0

Action                     |  1- 3 |  4- 6 || total
---------------------------+-------+-------++-------
   Fire: Sling             |   120 |    61 ||   181
   Cast: Jinxbite          |     1 |     3 ||     4
    Use: Potion            |     1 |     3 ||     4
         Scroll            |       |     7 ||     7
 Armour: Skin              |    33 |    23 ||    56
  Dodge: Dodged            |    33 |    40 ||    73

Table legend: (Time is in decaauts)
 A = Elapsed time spent in this place.
 B = Non-inter-level travel time spent in this place.
 C = Inter-level travel time spent in this place.
 D = Time resting spent in this place.
 E = Time spent auto-exploring this place.
 F = Levels seen in this place.
 G = Mean time per level.
                   A        B        C        D        E       F      G
               +--------+--------+--------+--------+--------+-----+--------+
         Total |   1519 |   1485 |     34 |     26 |    987 |   4 |  379.8 |
       Dungeon |   1430 |   1396 |     34 |     26 |    950 |   3 |  476.7 |
         Sewer |     88 |     88 |      0 |      0 |     37 |   1 |   88.0 |
               +--------+--------+--------+--------+--------+-----+--------+

Top non-repeatable levels by time:
     D:1: 669 daAuts
     D:2: 589 daAuts
     D:3: 171 daAuts
   Sewer: 88 daAuts
